Map: King Sejong Station LE

Players

Nickos - Winner!

  • Race: Terran Terran
  • League: Gold

Nennjuu

  • Race: Terran Terran
  • League: Diamond

VOD

Have the link to the VOD?

Description

Time

  • Played on: Oct. 1, 2016, 12:59 a.m.
  • Length: 8:14
Show
View Real Time Build Order
Export as new Build Order

Nickos Terran - Winner!

Build Orders: Reaper Expand, MMM Bio 

Get SALT Encoding   

  12  0:01  SCV  
  13  0:13  SCV  
  14  0:17  Supply Depot  
  14  0:25  SCV  
  15  0:38  SCV  
  15  0:40  Barracks  
  16  0:48  Refinery  
  16  0:50  SCV  
  17  1:02  SCV  
  18  1:15  SCV  
  19  1:31  Reaper  
  19  1:32  Orbital Command  
  20  1:39  Command Center  
  20  1:51  Barracks  
  21  2:01  SCV  
  21  2:02  Supply Depot  
  21  2:11  Barracks Reactor  
  21  2:13  SCV  
  22  2:25  SCV  
  22  2:29  Factory  
  23  2:35  Refinery  
  23  2:37  SCV  
  24  2:44  Barracks Tech Lab  
  24  2:49  SCV  
  25  2:56  Marine x2  
  27  3:02  Orbital Command  
  27  3:03  SCV  
  28  3:07  Bunker  
  28  3:10  Marine  
  29  3:14  Marine  
  29  3:17  Supply Depot  
  29  3:19  Starport  
  30  3:22  SCV  
  31  3:31  Marine x2  
  31  3:32  Marine  
  31  3:33  Factory Reactor  
  34  3:35  SCV  
  34  3:37  SCV  
  36  3:45  Supply Depot  
  36  3:48  SCV  
  37  3:53  Marine  
  37  3:54  Marine x2  
  40  3:59  SCV  
  40  4:00  SCV  
  42  4:11  SCV, Marine x2  
  42  4:12  SCV  
  46  4:18  Marine  
  46  4:20  Stimpack  
  46  4:23  Engineering Bay, SCV  
  48  4:25  Engineering Bay  
  48  4:26  Supply Depot  
  48  4:29  SCV, Marine  
  50  4:33  Marine  
  50  4:35  SCV, Marine  
  50  4:38  Medivac x2  
  55  4:41  Widow Mine  
  59  4:47  SCV, Marine  
  59  4:48  SCV  
  59  4:51  Marine  
  63  4:55  Terran Infantry Weapons Level 1, Terran Infantry Armor Level 1  
  63  4:59  SCV  
  64  5:00  SCV  
  65  5:09  Marine x3  
  67  5:14  Medivac  
  67  5:21  Missile Turret  
  67  5:26  Marine  
  67  5:27  Marine x2  
  67  5:34  SCV  
  67  5:35  SCV  
  66  5:44  Marine x3  
  66  5:47  SCV  
  70  5:57  Missile Turret  
  70  5:59  SCV  
  70  6:01  SCV  
  70  6:20  Combat Shields, Missile Turret  
  70  6:25  Missile Turret  
  70  6:50  Medivac, Marine x3, SCV  
  70  6:51  SCV  
  70  6:54  Medivac  
  64  7:02  SCV  
  64  7:07  Factory Tech Lab  
  64  7:08  Marine x3  
  61  7:11  SCV  
  61  7:14  SCV  
  66  7:16  Supply Depot  
  66  7:20  Medivac  
  68  7:23  Medivac, Armory  
  68  7:25  Refinery  
  70  7:35  Command Center  
  70  7:38  Marine x3  
  70  7:43  Sensor Tower  
  73  7:45  SCV x2  
  75  7:55  Marine x3  
Show
View Real Time Build Order
Export as new Build Order

Nennjuu Terran 

Build Orders: 1/1/1 

Get SALT Encoding   

  12  0:01  SCV  
  13  0:13  SCV  
  14  0:17  Supply Depot  
  14  0:25  SCV  
  15  0:29  Refinery  
  15  0:39  SCV  
  16  0:45  Barracks  
  16  0:51  SCV  
  17  1:03  SCV  
  18  1:15  SCV  
  19  1:27  SCV  
  20  1:35  Marine  
  20  1:39  Orbital Command, Factory  
  21  2:00  Barracks Tech Lab  
  21  2:09  Refinery, Supply Depot, SCV  
  22  2:21  SCV  
  23  2:25  Starport  
  23  2:30  Marine  
  23  2:33  SCV  
  23  2:56  Marine  
  23  2:58  Factory Tech Lab  
  24  3:02  Command Center  
  24  3:12  Barracks  
  24  3:14  Marine  
  25  3:23  SCV  
  25  3:25  Banshee  
  29  3:34  Factory Tech Lab  
  29  3:35  SCV  
  29  3:40  Barracks, Supply Depot  
  30  3:42  Engineering Bay  
  30  3:58  SCV  
  31  4:04  Supply Depot  
  31  4:07  Marine  
  31  4:08  Banshee  
  35  4:27  Siege Tank  
  35  4:31  SCV  
  39  4:39  Barracks Reactor  
  39  4:40  Marine x2  
  39  4:43  SCV  
  39  4:44  Supply Depot  
  42  4:47  Missile Turret  
  42  4:58  Marine x2  
  43  5:15  Marine x2  
  45  5:21  Marine x2  
  47  5:33  Marine x2  
  49  5:39  Marine x2  
  51  5:50  Siege Tank  
  51  5:51  Marine x2  
  56  5:57  Marine  
  57  6:21  Starport Reactor, SCV  
  58  6:27  Supply Depot  
  58  6:33  SCV  
  58  6:35  Orbital Command  
  58  6:37  Marine  
  58  6:38  Missile Turret, Marine  
  61  6:45  SCV  
  47  6:57  SCV  
  42  7:07  SCV  
  43  7:09  SCV  
  44  7:19  SCV  
  44  7:20  Missile Turret  
  44  7:22  SCV  
  46  7:31  SCV  
  46  7:34  SCV  
  48  7:37  Marauder, Marine  
  51  7:45  Marauder  
Tags
 
Add a new tag
Caveats
  • Supply blocks, unpowered buildings, or Contaminate may cause inaccurate times.
  • Supply counts are checked every 10 seconds.